 Dungeon Crawl Stone Soup version 0.28-a0-1435-g82390b3a13 (webtiles) character file.

Game seed: 13977814050359832701

1200 oldriver the Fighter (level 8, -5/111 HPs)
             Began as a Demonspawn Chaos Knight on Jan 9, 2022.
             Was a Plaything of Xom.
             Slain by a hornet zombie (9 damage)
             ... on level 5 of the Dungeon.
             The game lasted 00:09:32 (6367 turns).

oldriver the Fighter (Demonspawn Chaos Knight)      Turns: 6367, Time: 00:09:32

Health: -5/111     AC: 10    Str: 16    XL:     8   Next: 21%
Magic:  8/8        EV: 13    Int: 13    God:    Xom [*.....]
Gold:   155        SH:  0    Dex: 12    Spells: 7/7 levels left

rFire   . . .      SeeInvis .   a - +0 spear (chaos)
rCold   . . .      Faith    .   (no shield)
rNeg    . . .      Spirit   .   b - +3 leather armour
rPois   .          Reflect  .   (helmet restricted)
rElec   .          Harm     .   (no cloak)
rCorr   .          Rampage  .   m - +2 pair of gloves
Will    .....                   k - +0 pair of boots
Stlth   ..........              (no amulet)
HPRegen 0.28/turn               (no ring)
MPRegen 0.11/turn               (no ring)

@: berserking, very quick
A: antennae 2, powered by death 2, weakness stinger 1, robust 1
a: Renounce Religion


You were on level 5 of the Dungeon.
You worshipped Xom.
You were a special plaything of Xom.
You visited 1 branch of the dungeon, and saw 5 of its levels.

You collected 155 gold pieces.

Inventory:

Hand Weapons
 a - a +0 spear of chaos (weapon)
Armour
 b - a +3 leather armour (worn)
 k - a +0 pair of boots (worn)
 m - a +2 pair of gloves (worn)
Scrolls
 c - 2 scrolls of identify
 d - 2 scrolls of enchant armour
 e - a scroll of brand weapon
 h - a scroll of fear {unknown}
Potions
 f - a potion of magic {unknown}
 i - 2 potions of haste {unknown}
 j - a potion of mutation {unknown}
 n - a potion of flight {unknown}


   Skills:
 * Level 8.2 Fighting
 - Level 4.0 Polearms
 - Level 1.8 Armour
 + Level 4.8 Dodging


You had 7 spell levels left.
You didn't know any spells.
Your spell library contained the following spells:

 Spells                   Type           Power      Damage    Failure   Level
 Animate Skeleton         Necr           0%         N/A       36%         1
 Apportation              Tloc           0%         N/A       36%         1
 Summon Small Mammal      Summ           0%         N/A       36%         1


Dungeon Overview and Level Annotations

Branches:
Dungeon (5/15)
 Temple: D:4-7

Altars:
Gozag
Xom


Innate Abilities, Weirdness & Mutations

You have a pair of antennae on your head.
You regenerate health from kills.
You have a small tail.
You are robust. (+10% HP)


Message History

No target in view!
No target in view!
You hit something. You burn something. Something hits you! Something hits you.
You barely miss something.
Something hits you but does no damage. x2
You hit something.
Space warps horribly around something!
Something hits you! Something hits you but does no damage.
You hit something but do no damage. Something hits you.
Something hits you but does no damage. Something hits you but does no damage.
Something barely misses you. Something hits you! Something hits you!
* * * LOW HITPOINT WARNING * * *
Something hits you.
* * * LOW HITPOINT WARNING * * *
It was a potion of berserk rage.
A red film seems to cover your vision as you go berserk!
You feel yourself moving faster!
You feel mighty!
Xom roars with laughter!
Something hits you.
* * * LOW HITPOINT WARNING * * *
Something hits you.
* * * LOW HITPOINT WARNING * * *
You miss something.
Your tail-slap misses something.
Something hits you.
* * * LOW HITPOINT WARNING * * *
Something hits you.
* * * LOW HITPOINT WARNING * * *
You closely miss something. Something hits you but does no damage.
You barely miss something. Something hits you but does no damage.
You hit something. You tail-slap something.
Something hits you but does no damage. Something completely misses you.
You puncture something! Something hits you.
* * * LOW HITPOINT WARNING * * *
You closely miss something. Something hits you but does no damage.
You are too berserk!
You hit something but do no damage. You punch something. Something hits you.
* * * LOW HITPOINT WARNING * * *
You hit something.
Your tail-slap misses something.
Something hits you but does no damage. Something hits you!
You die...

#.##.# #.##.####
###.##....# #........###
#........'.# ###########
#........#.# #.........#
'.>......#.###.#######.#
#............#.###..
#.####.....#.#.{@#.#
..#..........#.#.#.#
..#.>.....##.###>#.#
#.#.......##...#...#
#.#.......##.#.#..##
..#.#......(.#.##.#
#.#..........#....#
..#....#.#...######
..#...........#


There were no monsters in sight!

Vanquished Creatures
  2 sky beasts (D:5)
  An ice beast (D:5)
  A necrophage (D:3)
  2 ogres
  A lemure (D:3)
  A jelly (D:5)
  A gnoll shaman (D:4)
  Jessica (D:3)
  Terence (D:3)
  Natasha (thrice) (D:3)
  An orc wizard (D:3)
  A hound skeleton (D:4)
  6 gnolls
  6 adders
  4 river rats
  An adder skeleton (D:4)
  A worm (D:4)
  6 dart slugs
  5 orcs
  4 bats
  4 endoplasms
  9 giant cockroaches
  10 goblins
  3 hobgoblins (D:1)
  5 jackals (D:1)
  6 quokkas
  9 ball pythons
  5 frilled lizards
  8 kobolds
  5 rats
113 creatures vanquished.

Vanquished Creatures (collateral kills)
  A sky beast (D:5)
  An orc wizard (D:3)
2 creatures vanquished.

Grand Total: 115 creatures vanquished

Notes
Turn   | Place    | Note
-------+----------+-------------------------------------------
     0 | D:1      | oldriver the Demonspawn Chaos Knight began the quest for
                  | the Orb.
     0 | D:1      | Reached XP level 1. HP: 18/18 MP: 1/1
     7 | D:1      | XOM: silly message
   117 | D:1      | Reached skill level 1 in Dodging
   289 | D:1      | XOM: 7-stop teleportation journey
   302 | D:1      | Discovered your monstrous ancestry.
   302 | D:1      | Gained mutation: You have a pair of small antennae on your
                  | head. [demonic ancestry]
   302 | D:1      | Reached XP level 2. HP: 24/24 MP: 2/2
   458 | D:1      | XOM: noise
   895 | D:1      | Gained mutation: You have a small tail. [demonic ancestry]
   895 | D:1      | Reached XP level 3. HP: 30/30 MP: 3/3
  1448 | D:2      | XOM: smoke on damage
  1499 | D:2      | XOM: noise
  1551 | D:2      | Found a faded altar of an unknown god.
  1875 | D:2      | Reached skill level 4 in Fighting
  1886 | D:2      | XOM: silly message
  1955 | D:1      | XOM: summons 4 hostile shadow creatures
  2126 | D:1      | XOM: summons 1 hostile shadow creature
  2151 | D:2      | Gained mutation: You have a pair of antennae on your head.
                  | [demonic ancestry]
  2151 | D:2      | Reached XP level 4. HP: 18/37 MP: 4/4
  2437 | D:2      | XOM: silly message
  2517 | D:3      | XOM: noise
  2541 | D:3      | Noticed Natasha
  2551 | D:3      | XOM: fog
  2596 | D:3      | XOM: stat loss: -1 Dex (11/12)
  2602 | D:3      | Killed Natasha
  2603 | D:3      | XOM: swap monsters
  2606 | D:3      | XOM: divination: detect creatures
  2609 | D:3      | XOM: swap monsters
  2613 | D:3      | XOM: cast spell 'Summon Dragon'
  2617 | D:3      | Gained mutation: You regenerate a little health from kills.
                  | [demonic ancestry]
  2617 | D:3      | Reached XP level 5. HP: 11/43 MP: 5/5
  2742 | D:2      | XOM: summons 3 hostile demons
  2880 | D:3      | Noticed Jessica
  2888 | D:3      | Killed Jessica
  3023 | D:3      | XOM: scenery: create altars
  3067 | D:3      | Reached skill level 5 in Fighting
  3183 | D:3      | Noticed a necrophage
  3194 | D:3      | XOM: 1-stop teleportation journey
  3215 | D:3      | XOM: polymorph bat -> river rat
  3271 | D:3      | XOM: give mutation
  3271 | D:3      | Gained mutation: You are robust. (+10% HP) [Xom's grace]
  3402 | D:3      | XOM: potion effect (invisibility)
  3411 | D:3      | Killed a necrophage
  3412 | D:3      | Reached XP level 6. HP: 56/56 MP: 6/6
  3447 | D:3      | Noticed Grinder
  3447 | D:3      | Noticed Grinder
  3447 | D:3      | Grinder changed into Grinder the lemure
  3447 | D:3      | XOM: polymorph Grinder -> Grinder the lemure
  3465 | D:3      | Killed Grinder the lemure
  3496 | D:3      | Noticed Natasha
  3513 | D:3      | Killed Natasha
  3590 | D:3      | XOM: summons 1 hostile shadow creature
  3845 | D:3      | Noticed Natasha
  3860 | D:3      | Killed Natasha
  3887 | D:3      | Noticed Terence
  3893 | D:3      | Killed Terence
  3894 | D:3      | Reached skill level 6 in Fighting
  4081 | D:4      | XOM: cast spell 'Statue Form'
  4086 | D:4      | Gained mutation: You regenerate health from kills. [demonic
                  | ancestry]
  4086 | D:4      | Reached XP level 7. HP: 63/63 MP: 7/7
  4543 | D:4      | XOM: cloud trail
  4622 | D:4      | XOM: confusion (+ monsters)
  4802 | D:4      | XOM: noise
  5197 | D:4      | XOM: summons 4 hostile demons
  5574 | D:5      | Entered Level 5 of the Dungeon
  5578 | D:5      | Found an opulent altar of Gozag.
  5612 | D:5      | Reached skill level 7 in Fighting
  5753 | D:5      | XOM: enchant monster (bad)
  5765 | D:5      | HP: 2/66 [something (6)]
  5997 | D:5      | Reached XP level 8. HP: 60/74 MP: 8/8
  6099 | D:5      | XOM: summons friendly quasit
  6105 | D:5      | Reached skill level 8 in Fighting
  6364 | D:5      | HP: 4/111 [something (5)]
  6367 | D:5      | Slain by a hornet zombie

Illustrated notes

Levels and vault maps discovered:
D:1:      minmay_arrival_plants_in_alcoves, layout_loops_cross,
          solitary_fountain, minmay_misc_feat_doors, minmay_heptomino_w4
D:2:      layout_basic, basic_ecumenical_altar
D:3:      layout_loops_ring, minmay_box_of_dots, uniq_grinder, uniq_natasha,
          uniq_terence, uniq_jessica
D:4:      layout_basic, portal_sewer_entry_e, kennysheep_generic_room_10
D:5:      layout_basic, grunt_gozag_statues, minmay_temple_entry_junction_2,
          uniq_duvessa

Skill      XL: |  1  2  3  4  5  6  7  8 |
---------------+-------------------------+-----
Dodging        | 1 2 3 4 |  4.8
Polearms       | 3 4 |  4.0
Fighting       | 4 5 6 7 8 |  8.2
Armour         | |  1.8

Action                   |  1- 3 |  4- 6 |  7- 9 || total
-------------------------+-------+-------+-------++-------
Melee: Spear             |   176 |   160 |   306 ||   642
       Punch             |     3 |     2 |     5 ||    10
       Tailslap          |     9 |    18 |    34 ||    61
  Use: Scroll            |       |     7 |       ||     7
       Potion            |       |       |     4 ||     4
 Stab: Petrifying        |     2 |       |       ||     2
       Sleeping          |     1 |     2 |     1 ||     4
       Invisible         |       |     3 |       ||     3
       Paralysed         |       |       |     1 ||     1
Armor: Leather armour    |    49 |    33 |    97 ||   179
       Skin              |       |     5 |     9 ||    14
Dodge: Dodged            |    84 |    81 |   117 ||   282

Table legend: (Time is in decaauts)
 A = Elapsed time spent in this place.
 B = Non-inter-level travel time spent in this place.
 C = Inter-level travel time spent in this place.
 D = Time resting spent in this place.
 E = Time spent auto-exploring this place.
 F = Levels seen in this place.
 G = Mean time per level.
                   A        B        C        D        E       F      G
               +--------+--------+--------+--------+--------+-----+--------+
         Total |   6353 |   6227 |    126 |   2402 |   2428 |   5 | 1270.6 |
       Dungeon |   6353 |   6227 |    126 |   2402 |   2428 |   5 | 1270.6 |
               +--------+--------+--------+--------+--------+-----+--------+

Top non-repeatable levels by time:
     D:1: 1635 daAuts
     D:3: 1547 daAuts
     D:4: 1385 daAuts
     D:2: 1007 daAuts
     D:5: 777 daAuts
